 Dungeon Crawl Stone Soup version 0.32-a0-660-g97ce250973 (webtiles) character file.

Game seed: 2292003181765419977

163 GeoRichter the Slasher (level 5, -4/38 HPs)
             Began as a Coglin Warper on Mar 9, 2024.
             Slain by a gnoll
             ... wielding a +0 halberd
              (10 damage)
             ... on level 3 of the Dungeon.
             The game lasted 00:02:10 (1444 turns).

GeoRichter the Slasher (Coglin Warper)              Turns: 1444, Time: 00:02:10

Health: -4/38      AC:  4    Str: 11    XL:     5   Next: 44%
Magic:  7/7        EV: 11    Int: 13    God:
Gold:   87         SH:  0    Dex: 15    Spells: 7/7 levels left

rFire   . . .        a - +0 falchion {Doyun}
rCold   . . .        e - +0 dagger {Egbert}
rNeg    . . .        b - +0 leather armour
rPois   .            (no helmet)
rElec   .            h - +0 cloak
rCorr   .            (no gloves)
SInv    .            (no boots)
Will    .....        (amulet unavailable)
Stlth   +            (ring unavailable)
HPRegen 0.26/turn    (ring unavailable)
MPRegen 0.10/turn    (no gizmo)

%: no passive effects
@: revved
A: off-hand wielding, slow wielding, warmup strikes, no jewellery
a: Invent Gizmo


You were on level 3 of the Dungeon.
You visited 1 branch of the dungeon, and saw 3 of its levels.

You collected 87 gold pieces.

Inventory:

Hand Weapons
 a - a +0 falchion (weapon) {Doyun}
 e - a +0 dagger (offhand) {Egbert}
Missiles
 d - 7 darts of dispersal (quivered) {!f}
Armour
 b - a +0 leather armour (worn)
 h - a +0 cloak (worn)
   (You found it on level 1 of the Dungeon)
Scrolls
 c - a scroll of blinking
 g - 4 scrolls of fear {unknown}
 i - a scroll of fog {unknown}
 j - a scroll of identify {unknown}
 k - a scroll of immolation {unknown}
 l - a scroll of noise {unknown}
Potions
 f - 2 potions of curing {unknown}


   Skills:
 - Level 2.0 Fighting
 * Level 5.5 Long Blades
 - Level 0.8 Throwing
 - Level 0.8 Armour
 - Level 1.7 Dodging
 - Level 1.7 Spellcasting
 - Level 3.0 Translocations


You had 7 spell levels left.
You didn't know any spells.
Your spell library contained the following spells:

 Spells                   Type           Power      Damage    Failure   Level
 Blink                    Tloc           16%        N/A       16%         2
 Lesser Beckoning         Tloc           16%        N/A       16%         2
 Teleport Other           Tloc           8%         N/A       30%         3
 Manifold Assault         Tloc           8%         N/A       69%         4
 Vhi's Electric Charge    Tloc/Air       10%        N/A       88%         4


Dungeon Overview and Level Annotations

Branches:
Dungeon (3/15) Zot: 16545

Altars:
Sif Muna
Uskayaw

Shops:
D:1 =   D:3 :

Annotations:
D:2 1 runed translucent door, Crazy Yiuf


Innate Abilities, Weirdness & Mutations

You can wield a second weapon in your off-hand.
It takes a long time for you to wield or remove held weapons.
Your first few attacks do less damage.
You cannot equip rings or amulets.


Message History

You closely miss the ball python with your +0 dagger.
The goblin shouts!
The gnoll shouts!
You hit the ball python with your +0 falchion.
You kill the ball python!
You closely miss the gnoll with your +0 dagger.
You hit the gnoll with your +0 falchion.
The gnoll hits you but does no damage. The gnoll attacks as it pursues you!
The gnoll hits you with a +0 flail!
You slash the gnoll with your +0 falchion!
The gnoll is almost dead.
You hit the gnoll with your +0 dagger.
You kill the gnoll!
The goblin hits you but does no damage.
You closely miss the goblin with your +0 falchion.
You hit the goblin but do no damage. The goblin hits you with a +0 club.
You hit the goblin with your +0 dagger.
The goblin is moderately wounded.
You hit the goblin with your +0 falchion.
You kill the goblin!
You slash the gnoll with your +0 falchion!
The gnoll is heavily wounded.
You closely miss the gnoll with your +0 dagger.
The gnoll misses you.
The gnoll hits you from afar with a +0 halberd!
* * * LOW HITPOINT WARNING * * *
You barely miss the gnoll with your +0 falchion.
The gnoll is heavily wounded.
You closely miss the gnoll with your +0 dagger.
The gnoll hits you with a +0 club.
* * * LOW HITPOINT WARNING * * *
The gnoll closely misses you.
You hit the gnoll with your +0 dagger.
The gnoll is severely wounded.
You hit the gnoll with your +0 falchion.
The gnoll hits you with a +0 club.
* * * LOW HITPOINT WARNING * * *
The gnoll hits you but does no damage.
Okay, then.
You hit the gnoll with your +0 dagger.
The gnoll is almost dead.
You slash the gnoll with your +0 falchion!
You kill the gnoll!
The gnoll barely misses you. The gnoll barely misses you.
Items here: ))) ††.
You slash the gnoll with your +0 falchion!
The gnoll is severely wounded.
You closely miss the gnoll with your +0 dagger.
The gnoll hits you with a +0 halberd!
You die...

####### ##.....##
##.......## #.........#
#.........# .. #....∩....#
.# . #.....(...# .# ..
#..>......#########.##..
##.........@g........... .
#.........###.##..#.##. ..
#.........# #.......####.##
#.........# ##.#'#.g.......
#.........####.#.#.##......
#...........##.#.#....^....
##.......##.#..#.#.........
##...<.## ...##.##........
####### ..#...#........


You could see a gnoll.

Vanquished Creatures
  Natasha (thrice) (D:2)
  2 gnolls (D:3)
  2 adders
  A ribbon worm (D:2)
  3 dart slugs
  3 ball pythons
  3 endoplasms (D:1)
  2 giant cockroaches
  6 goblins
  3 hobgoblins (D:2)
  2 kobolds
  2 quokkas
  8 bats
  3 frilled lizards (D:1)
  4 rats
47 creatures vanquished.

Notes
Turn   | Place    | Note
-------+----------+-------------------------------------------
     0 | D:1      | GeoRichter the Coglin Warper began the quest for the Orb.
     0 | D:1      | Reached XP level 1. HP: 16/16 MP: 3/3
   160 | D:1      | Reached XP level 2. HP: 17/22 MP: 4/4
   246 | D:1      | Reached skill level 3 in Long Blades
   404 | D:1      | Found Wuvvon's Jewellery Boutique.
   617 | D:2      | Reached XP level 3. HP: 27/27 MP: 5/5
   727 | D:2      | Found a shimmering blue altar of Sif Muna.
   746 | D:2      | Found a faded altar of an unknown god.
   882 | D:2      | Reached skill level 4 in Long Blades
   924 | D:2      | Found a runed translucent door.
   925 | D:2      | Noticed Crazy Yiuf
   950 | D:2      | Noticed Natasha
   956 | D:2      | Killed Natasha
   957 | D:2      | Reached XP level 4. HP: 26/33 MP: 6/6
  1183 | D:2      | Noticed Natasha
  1191 | D:2      | Killed Natasha
  1227 | D:2      | Noticed Natasha
  1251 | D:2      | Killed Natasha
  1252 | D:2      | Reached skill level 5 in Long Blades
  1252 | D:2      | Reached XP level 5. HP: 29/38 MP: 7/7
  1349 | D:3      | Found Wasonk's Book Boutique.
  1416 | D:3      | Found a hide-covered altar of Uskayaw.
  1444 | D:3      | Slain by a gnoll

Illustrated notes

Levels and vault maps discovered:
D:1:      matt_arrival_grand_opening, layout_basic, serial_shops, shop,
          minmay_worlds_worst_comb
D:2:      layout_rooms, dreamdust_ecumenical_altar_grove, basic_altar,
          uniq_crazy_yiuf_cottage, uniq_natasha
D:3:      layout_rooms, mainiacjoe_overflow_surrounded_room,
          nicolae_overflow_quartered_altars, serial_shops, shop

Skill      XL: |  1  2  3  4 |
---------------+-------------+-----
Long Blades    | 3 4 5 |  5.5
Fighting       | |  2.0
Throwing       | |  0.8
Armour         | |  0.8
Dodging        | |  1.7
Spellcasting   | |  1.7
Translocations | |  3.0

Action                     |  1- 3 |  4- 6 || total
---------------------------+-------+-------++-------
  Melee: Falchion          |    78 |    39 ||   117
         Dagger            |    73 |    37 ||   110
   Stab: Distracted        |       |     1 ||     1
 Armour: Leather armour    |    62 |    26 ||    88
  Dodge: Dodged            |    48 |    20 ||    68

Table legend: (Time is in decaauts)
 A = Elapsed time spent in this place.
 B = Non-inter-level travel time spent in this place.
 C = Inter-level travel time spent in this place.
 D = Time resting spent in this place.
 E = Time spent auto-exploring this place.
 F = Levels seen in this place.
 G = Mean time per level.
                   A        B        C        D        E       F      G
               +--------+--------+--------+--------+--------+-----+--------+
         Total |   1453 |   1422 |     31 |     12 |   1059 |   3 |  484.3 |
       Dungeon |   1453 |   1422 |     31 |     12 |   1059 |   3 |  484.3 |
               +--------+--------+--------+--------+--------+-----+--------+

Top non-repeatable levels by time:
     D:2: 690 daAuts
     D:1: 665 daAuts
     D:3: 98 daAuts
